 Dungeon Crawl Stone Soup version 0.32-a0-675-gdc239d62e1 (webtiles) character file.

Game seed: 2362127885826864387

44 graki42 the Conjurer (level 3, 0/25 HPs)
             Began as a Gnoll Conjurer on Mar 11, 2024.
             Incinerated by a bombardier beetle (4 damage)
             ... with a burning spray
             ... on level 3 of the Dungeon.
             The game lasted 00:03:24 (2186 turns).

graki42 the Conjurer (Gnoll Conjurer)               Turns: 2186, Time: 00:03:25

Health: 0/25       AC:  2    Str:  4 (6)  XL:     3   Next: 62%
Magic:  7/9        EV: 12    Int: 18 (19) God:
Gold:   87         SH:  0    Dex:  7 (10) Spells: 9/12 levels left

rFire   . . .        (no weapon)
rCold   . . .        (no shield)
rNeg    . . .        a - +0 robe
rPois   .            (no helmet)
rElec   .            (no cloak)
rCorr   .            (no gloves)
SInv    .            (no boots)
Will    .....        (no amulet)
Stlth   +            (no ring)
HPRegen 0.24/turn    (no ring)
MPRegen 0.11/turn

%: no passive effects
@: on fire, glowing
A: fangs 1, strong nose, distributed training
a: no special abilities


You were on level 3 of the Dungeon.
You visited 1 branch of the dungeon, and saw 3 of its levels.

You collected 87 gold pieces.

Inventory:

Missiles
 f - a throwing net
Armour
 a - a +0 robe (worn)
 m - an orb of energy
Scrolls
 c - 3 scrolls of revelation {unknown}
 h - 2 scrolls of identify {unknown}
 i - a scroll of fear {unknown}
 k - a scroll of brand weapon {unknown}
 o - a scroll of teleportation {unknown}
Potions
 b - a potion of magic
 d - a potion of degeneration
 e - a potion of berserk rage {unknown}
 g - 2 potions of curing
 j - a potion of heal wounds {unknown}
 l - 2 potions of might {unknown}
 n - a potion of brilliance {unknown}


   Skills:
 + Level 0.9 Fighting
 + Level 0.9 Short Blades
 + Level 0.9 Long Blades
 + Level 0.9 Axes
 + Level 0.9 Maces & Flails
 + Level 0.9 Polearms
 + Level 0.9 Staves
 + Level 0.9 Ranged Weapons
 + Level 0.9 Throwing
 + Level 0.9 Armour
 + Level 4.5 Dodging
 + Level 4.2 Stealth
 + Level 0.9 Shields
 + Level 0.9 Unarmed Combat
 + Level 5.0 Spellcasting
 + Level 7.1 Conjurations
 + Level 0.6 Hexes
 + Level 0.6 Summonings
 + Level 0.6 Necromancy
 + Level 0.6 Translocations
 + Level 0.6 Fire Magic
 + Level 0.6 Ice Magic
 + Level 0.6 Air Magic
 + Level 0.6 Earth Magic
 + Level 0.6 Alchemy
 + Level 1.0 Invocations
 + Level 0.9 Evocations
 + Level 0.7 Shapeshifting


You had 9 spell levels left.
You knew the following spells:

 Your Spells              Type           Power      Damage    Failure   Level
a - Magic Dart            Conj           100%       1d8       1%          1
b - Searing Ray           Conj           60%        2d6       1%          2

Your spell library contained the following spells:

 Spells                   Type           Power      Damage    Failure   Level
 Lesser Beckoning         Tloc           12%        N/A       16%         2
 Fulminant Prism          Conj/Alch      9%         3d7       26%         4
 Iskenderun's Mystic Bla  Conj/Tloc      18%        2d6       26%         4
 Gell's Gravitas          Tloc           6%         N/A       30%         3
 Teleport Other           Tloc           6%         N/A       30%         3
 Arcjolt                  Conj/Air       9%         1d19      58%         5
 Vhi's Electric Charge    Tloc/Air       12%        N/A       71%         4
 Maxwell's Capacitive Co  Air            3%         ∞         100%        8


Dungeon Overview and Level Annotations

Branches:
Dungeon (3/15)

Altars:
Ru


Innate Abilities, Weirdness & Mutations

You have very sharp teeth.
Your uncanny sense of smell can sniff out nearby items.
Your experience applies equally to all skills.


Message History

Press: ? - help, Q - select action, (/) - cycle Shift-Dir - straight line, f/p - orc wizard
Aim: an orc wizard, wielding a +0 dagger and wearing a +0 robe (mute, 100% to hit)
The magic dart hits the orc wizard!
The orc wizard is heavily wounded.
The frilled lizard hisses angrily.
You hear a shout!
Aiming: Magic Dart (safe; 1% risk of failure)
Press: ? - help, Q - select action, (/) - cycle Shift-Dir - straight line, f - frilled lizard
Aim: a frilled lizard (100% to hit)
The magic dart hits the frilled lizard!
You kill the frilled lizard!
A bombardier beetle comes into view.
A kobold comes into view.
It is wielding a +0 dagger and quivering poisoned darts.
The kobold throws a poisoned dart.
The poisoned dart hits you!
You are poisoned.
You feel very sick.
You feel sick.
The bombardier beetle sprays incendiary fluid at you.
The burning spray hits you.
You are covered in liquid fire!
You shake off some of the fire as you move.
The liquid fire burns you!
You feel sick.
Sorry, you're not good enough to have a special ability.
It was a potion of degeneration.
There was something very wrong with that liquid.
You feel weakened.
You feel dopey.
You feel clumsy. The liquid fire burns you!
You feel sick.
It was a potion of curing.
You feel better. The liquid fire burns you! The kobold misses you.
You hit the kobold but do no damage. Your bite misses the kobold.
The liquid fire burns you!
* * * LOW HITPOINT WARNING * * *
The kobold hits you with a +0 dagger.
* * * LOW HITPOINT WARNING * * *
You hit the kobold. Your bite misses the kobold.
The kobold is moderately wounded.
The liquid fire burns you!
You die...

#.# #........ . #.#
###........ ... #.#
#..........
.....##.###.#........
............#........
+#######'.###o.......
..o#Bo.....##### #
#...#K########### #
.....#@..#........ #
#._.###.....#### #
....
#..###...######.. #
..# #..#.............
#..#.#..)#####.##
+..#.#.......#.#
...#.##.####.#.#
.#..#. #.#......#
#####
∆....##.#.#....#


You could see a bombardier beetle, an orc wizard (mute) and a kobold.

Vanquished Creatures
  A ribbon worm (D:2)
  A dart slug (D:1)
  5 ball pythons
  3 endoplasms
  2 giant cockroaches
  7 goblins
  A hobgoblin (D:2)
  4 kobolds
  2 quokkas
  2 bats
  A frilled lizard (D:3)
  4 rats
33 creatures vanquished.

Notes
Turn   | Place    | Note
-------+----------+-------------------------------------------
     0 | D:1      | graki42 the Gnoll Conjurer began the quest for the Orb.
     0 | D:1      | Reached XP level 1. HP: 13/13 MP: 6/6
    58 | D:1      | Reached XP level 2. HP: 19/19 MP: 0/7
    61 | D:1      | Learned a level 2 spell: Searing Ray
   602 | D:1      | Reached skill level 5 in Spellcasting
   602 | D:1      | Reached XP level 3. HP: 25/25 MP: 6/9
  1163 | D:2      | Reached skill level 1 in Invocations
  2164 | D:3      | Found a sacrificial altar of Ru.
  2186 | D:3      | Incinerated by a bombardier beetle

Illustrated notes

Levels and vault maps discovered:
D:1:      dpeg_arrival_stonehenge_8_columns, layout_basic, solitary_fountain,
          minmay_pentomino_w2
D:2:      layout_basic
D:3:      minmay_inner_zag, layout_basic, nicolae_ru_great_annihilating_truth

Skill      XL: |  1  2  3 |
---------------+----------+-----
Spellcasting   | 5 |  5.0
Invocations    | 1 |  1.0
Fighting       | |  0.9
Short Blades   | |  0.9
Long Blades    | |  0.9
Axes           | |  0.9
Maces & Flails | |  0.9
Polearms       | |  0.9
Staves         | |  0.9
Ranged Weapons | |  0.9
Throwing       | |  0.9
Armour         | |  0.9
Dodging        | |  4.5
Stealth        | |  4.2
Shields        | |  0.9
Unarmed Combat | |  0.9
Conjurations   | |  7.1
Hexes          | |  0.6
Summonings     | |  0.6
Necromancy     | |  0.6
Translocations | |  0.6
Fire Magic     | |  0.6
Ice Magic      | |  0.6
Air Magic      | |  0.6
Earth Magic    | |  0.6
Alchemy        | |  0.6
Evocations     | |  0.9
Shapeshifting  | |  0.7

Action                     || total
---------------------------++-------
  Melee: Unarmed           ||     2
   Cast: Magic Dart        ||    65
    Use: Potion            ||     2
 Armour: Robe              ||     3
  Dodge: Dodged            ||     6

Table legend: (Time is in decaauts)
 A = Elapsed time spent in this place.
 B = Non-inter-level travel time spent in this place.
 C = Inter-level travel time spent in this place.
 D = Time resting spent in this place.
 E = Time spent auto-exploring this place.
 F = Levels seen in this place.
 G = Mean time per level.
                   A        B        C        D        E       F      G
               +--------+--------+--------+--------+--------+-----+--------+
         Total |   2185 |   2155 |     30 |      0 |   1986 |   3 |  728.3 |
       Dungeon |   2185 |   2155 |     30 |      0 |   1986 |   3 |  728.3 |
               +--------+--------+--------+--------+--------+-----+--------+

Top non-repeatable levels by time:
     D:2: 1230 daAuts
     D:1: 813 daAuts
     D:3: 141 daAuts
